 Dungeon Crawl Stone Soup version 0.27.1-33-g824d729ab1 (webtiles) character file.

Game seed: 11443179694941463287

35 zeram the Sneak (level 3, -3/18 HPs)
             Began as a Spriggan Brigand on Dec 13, 2021.
             Slain by a gnoll (6 damage)
             ... on level 2 of the Dungeon.
             The game lasted 00:01:54 (1451 turns).

zeram the Sneak (Spriggan Brigand)                  Turns: 1451, Time: 00:01:56

Health: -3/18      AC:  3    Str:  7    XL:     3   Next: 17%
Magic:  4/4        EV: 18    Int: 13    God:
Gold:   47         SH:  0    Dex: 16    Spells: 2/2 levels left

rFire    . . .     SeeInvis +   a - +3 dagger
rCold    . . .     Faith    .   (shield restricted)
rNeg     . . .     Spirit   .   b - +0 robe
rPois    .         Reflect  .   (helmet restricted)
rElec    .         Harm     .   c - +0 cloak
rCorr    .         Rampage  .   (gloves unavailable)
Will     .....                  (boots unavailable)
Stlth    +++.......             (no amulet)
HPRegen  0.06/turn              (no ring)
MPRegen  0.09/turn              (no ring)

@: very quick
A: very small, no large weapons, unfitting armour, see invisible, speed 3
a: no special abilities


You were on level 2 of the Dungeon.
You visited 1 branch of the dungeon, and saw 2 of its levels.

You collected 47 gold pieces.

Inventory:

Hand Weapons
 a - a +3 dagger (weapon)
Missiles
 d - 8 poisoned darts (quivered)
 e - 2 curare-tipped darts
 h - 8 atropa-tipped darts
Armour
 b - a +0 robe (worn)
 c - a +0 cloak (worn)
Scrolls
 f - a scroll of blinking {unknown}
 i - 2 scrolls of teleportation {unknown}
 m - 2 scrolls of vulnerability {unknown}
Potions
 g - a potion of curing
 j - a potion of resistance {unknown}
 k - a potion of mutation {unknown}
 l - 2 potions of heal wounds


   Skills:
 - Level 1.5 Fighting
 - Level 2.1 Short Blades
 - Level 2.0 Throwing
 + Level 4.3 Dodging
 - Level 5.8 Stealth


You had 2 spell levels left.
You didn't know any spells.
Your spell library contained the following spells:

 Spells                   Type           Power      Damage    Failure   Level
 Animate Skeleton         Necr           0%         N/A       30%         1
 Apportation              Tloc           0%         N/A       30%         1
 Corona                   Hex            0%         N/A       30%         1
 Summon Small Mammal      Summ           0%         N/A       30%         1


Dungeon Overview and Level Annotations

Branches:
Dungeon (2/15)

Altars:


Innate Abilities, Weirdness & Mutations

You are very small and have problems with some larger weapons.
You are too small for most types of armour.
You have supernaturally acute eyesight. (SInv)
You cover ground extremely quickly. (Speed+++)


Message History

The gnoll is moderately wounded.
The gnoll closely misses you. The gnoll hits you with a +0 club.
You completely miss the gnoll.
The gnoll is moderately wounded.
The gnoll closely misses you. x2
You hit the gnoll but do no damage.
The gnoll is moderately wounded.
The gnoll hits you from afar with a +0 spear.
The gnoll closely misses you.
You hit the gnoll.
The gnoll is severely wounded.
The gnoll barely misses you. The gnoll hits you with a +0 club.
You are too injured to fight recklessly!
You are too injured to fight recklessly!
You are too injured to fight recklessly!
You are too injured to fight recklessly!
You are too injured to fight recklessly!
You are too injured to fight recklessly!
You are too injured to fight recklessly!
You are too injured to fight recklessly!
You are too injured to fight recklessly!
You are too injured to fight recklessly!
You are too injured to fight recklessly!
You are too injured to fight recklessly!
You are too injured to fight recklessly!
You are too injured to fight recklessly!
You are too injured to fight recklessly!
You are too injured to fight recklessly!
You are too injured to fight recklessly!
You are too injured to fight recklessly!
You are too injured to fight recklessly!
You are too injured to fight recklessly!
Unknown command.
You closely miss the gnoll.
The gnoll is severely wounded.
The gnoll hits you from afar with a +0 spear.
* * * LOW HITPOINT WARNING * * *
The gnoll completely misses you.
The gnoll hits you from afar with a +0 spear.
You die...

.#........# .#........#
.#........# .#........#
.#........# ##
.#........##########..#
.#.........P..P...P...#
.#..........P≈..P.g.P.#
.#######...P.≈≈♣@gP...#
## #..P...≈≈≈Pg...#
#..P..≈≈≈≈≈.PP.#
#....≈≈≈≈≈≈≈P..#
#..≈≈≈≈≈≈≈≈≈≈P.#
#..≈≈≈≈≈≈≈≈≈≈..#
#..P≈≈≈≈≈≈≈≈.?.#
#....P≈≈≈≈≈....#
##.....≈≈P..


You could see 3 gnolls.

Vanquished Creatures
  A dart slug (D:2)
  3 endoplasms (D:1)
  5 goblins
  3 hobgoblins (D:1)
  4 kobolds
  3 ball pythons
  2 bats (D:2)
  5 frilled lizards
  9 rats
35 creatures vanquished.

Notes
Turn   | Place    | Note
-------+----------+-------------------------------------------
     0 | D:1      | zeram the Spriggan Brigand began the quest for the Orb.
     0 | D:1      | Reached XP level 1. HP: 10/10 MP: 2/2
   205 | D:1      | Found a faded altar of an unknown god.
   348 | D:1      | Reached XP level 2. HP: 14/14 MP: 3/3
  1165 | D:2      | Reached XP level 3. HP: 18/18 MP: 4/4
  1451 | D:2      | Slain by a gnoll

Illustrated notes

Levels and vault maps discovered:
D:1:      lightli_arrival_lavapool, layout_basic,
          shapermc_ecumenical_altar_acropolis, minmay_misc_feat_plants
D:2:      layout_basic, guppyfry_early_lair_pool

Skill      XL: |  1  2 |
---------------+-------+-----
Dodging        | 2 4 |  4.3
Fighting       | |  1.5
Short Blades   | |  2.1
Throwing       | |  2.0
Stealth        | |  5.8

Action                   || total
-------------------------++-------
Melee: Dagger            ||    73
  Use: Scroll            ||     5
 Stab: Sleeping          ||    15
Armor: Robe              ||     6
Dodge: Dodged            ||    30
